Map: Blackburn LE

Players

Reynor - Winner!

  • Race: Zerg Zerg

DPGZest (Zest)

  • Race: Protoss Protoss

Event: DreamHack SC2 Masters 2021 Summer

VOD

Have the link to the VOD?

Description

Time

  • Played on: July 1, 2021, 2:23 p.m.
  • Length: 10:58

All games in this series

Show
View Real Time Build Order
Export as new Build Order

Reynor Zerg - Winner!

Build Orders: Hatch First 

Get SALT Encoding   

  12  0:00  Drone  
  13  0:12  Overlord  
  13  0:16  Drone  
  14  0:30  Drone  
  14  0:31  Drone  
  16  0:43  Drone  
  17  0:52  Hatchery  
  17  0:54  Drone  
  17  0:58  Drone  
  18  1:08  Extractor  
  17  1:13  Spawning Pool  
  17  1:16  Drone  
  17  1:19  Drone  
  18  1:27  Drone  
  19  1:38  Drone  
  20  1:49  Overlord  
  20  2:01  Queen  
  22  2:05  Drone x2, Queen  
  26  2:11  Drone  
  26  2:15  Drone  
  28  2:21  Drone  
  29  2:26  Drone  
  30  2:32  Hatchery  
  30  2:34  Drone  
  31  2:37  Drone  
  31  2:40  Pneumatized Carapace  
  31  2:44  Drone  
  31  2:48  Overlord  
  32  2:54  Queen  
  32  2:57  Zergling x2  
  35  2:59  Zergling x2  
  35  3:05  Overlord  
  36  3:08  Drone x2  
  36  3:10  Drone  
  36  3:12  Drone  
  40  3:17  Overlord  
  40  3:22  Metabolic Boost  
  40  3:26  Drone  
  42  3:27  Drone  
  42  3:30  Queen  
  44  3:35  Overlord  
  44  3:37  Drone  
  45  3:41  Queen  
  45  3:43  Drone  
  45  3:45  Drone  
  49  3:49  Drone  
  49  3:52  Zergling x2  
  51  3:58  Zergling x2  
  51  3:59  Overlord  
  51  4:02  Drone  
  53  4:04  Drone x3  
  53  4:05  Queen  
  53  4:08  Drone  
  59  4:10  Drone  
  59  4:17  Overlord  
  60  4:21  Zergling x4  
  62  4:24  Drone x2  
  62  4:26  Drone  
  62  4:29  Overlord  
  65  4:32  Lair  
  65  4:33  Drone  
  66  4:39  Drone  
  66  4:41  Roach Warren  
  66  4:43  Drone x3  
  69  4:46  Extractor  
  69  4:47  Drone x2  
  69  4:48  Extractor  
  69  4:50  Overlord  
  69  4:53  Zergling x2  
  69  4:55  Drone  
  69  4:58  Zergling x2  
  72  5:01  Zergling x2  
  72  5:02  Overlord  
  72  5:06  Queen  
  75  5:07  Drone x2, Overlord  
  75  5:14  Extractor  
  76  5:16  Overlord  
  76  5:18  Overlord  
  80  5:21  Roach x5  
  80  5:23  Roach  
  88  5:29  Roach x3  
  88  5:35  Glial Reconstitution  
  94  5:36  Overlord  
  94  5:43  Zergling x4, Roach x2  
  94  5:44  Zergling x6  
  94  5:49  Ravager  
  104  5:50  Overlord  
  104  5:52  Spine Crawler  
  104  5:53  Zergling x6  
  106  5:59  Roach x3  
  106  6:01  Zergling x2  
  113  6:06  Ravager  
  113  6:07  Overlord  
  113  6:08  Zergling x4  
  113  6:10  Roach  
  118  6:19  Zergling x4, Roach x2  
  118  6:25  Zergling x2  
  120  6:28  Roach  
  120  6:29  Zergling x10  
  127  6:34  Roach x2  
  127  6:37  Roach  
  133  6:40  Overlord  
  133  6:44  Ravager x2  
  133  6:45  Roach x2  
  139  6:52  Overlord  
  139  6:53  Roach  
  140  6:55  Ravager  
  140  6:56  Ravager  
  140  6:57  Roach  
  144  7:02  Zergling x2, Roach x2  
  144  7:03  Overlord  
  144  7:06  Roach  
  151  7:10  Zergling x2  
  152  7:16  Drone x2  
  152  7:17  Drone  
  152  7:22  Queen  
  154  7:25  Roach x2  
  154  7:28  Ravager x2  
  162  7:30  Zergling x4, Roach x2  
  162  7:36  Overlord  
  168  7:37  Ravager  
  168  7:38  Overlord  
  169  7:45  Overlord  
  169  7:47  Overseer  
  167  7:57  Overseer  
  169  7:58  Roach x2  
  169  7:59  Zergling x4, Roach  
  169  8:02  Zergling x4, Roach  
  179  8:09  Overlord  
  179  8:14  Zergling x8, Roach  
  179  8:18  Overlord  
  185  8:22  Roach  
  185  8:25  Overlord  
  187  8:29  Roach x3  
  187  8:30  Roach  
  187  8:32  Overlord  
  194  8:42  Drone x5  
  163  8:57  Roach x6  
  170  9:05  Zergling x4, Roach x3  
  176  9:13  Ravager x5  
  176  9:16  Zergling x12  
  187  9:21  Ravager  
  187  9:23  Zergling x6  
  190  9:27  Zergling x4  
  187  9:42  Zergling x8  
  187  9:43  Zergling x10  
  187  9:45  Queen  
  198  9:47  Zergling x4  
  198  9:49  Zergling x2  
  188  9:54  Zergling x6  
  176  10:03  Roach x3  
  156  10:07  Roach x3  
  156  10:11  Roach x3  
  168  10:19  Ravager x5  
  168  10:20  Roach x2  
  169  10:31  Zergling x2, Roach x2  
  169  10:32  Roach x3  
Show
View Real Time Build Order
Export as new Build Order

DPGZest Protoss 

Build Orders: 1 Gate Expand, Colossus Rush 

Get SALT Encoding   

  12  0:00  Probe  
  13  0:12  Probe  
  14  0:19  Pylon  
  14  0:24  Probe  
  15  0:37  Probe (Chrono Boost)  
  15  0:40  Gateway  
  16  0:47  Probe (Chrono Boost)  
  17  0:50  Assimilator  
  17  0:52  Probe (Chrono Boost)  
  18  1:04  Probe  
  19  1:16  Probe  
  20  1:26  Nexus  
  20  1:36  Cybernetics Core  
  20  1:39  Probe  
  21  1:44  Assimilator  
  21  1:51  Probe  
  21  1:54  Pylon  
  22  2:03  Probe (Chrono Boost)  
  23  2:12  Warp Gate, Adept  
  23  2:14  Probe (Chrono Boost)  
  26  2:19  Probe (Chrono Boost)  
  27  2:23  Robotics Facility  
  28  2:31  Probe (Chrono Boost)  
  28  2:38  Probe (Chrono Boost)  
  28  2:42  Stalker  
  32  2:47  Probe (Chrono Boost)  
  32  2:48  Probe (Chrono Boost)  
  33  2:53  Probe (Chrono Boost)  
  33  2:54  Probe  
  35  3:02  Gateway  
  35  3:05  Probe  
  36  3:08  Warp Prism (Chrono Boost)  
  38  3:13  Probe  
  38  3:17  Probe  
  40  3:25  Probe  
  40  3:26  Robotics Bay  
  41  3:29  Probe  
  41  3:33  Pylon  
  42  3:37  Probe  
  42  3:39  Assimilator  
  43  3:41  Probe  
  44  3:48  Pylon  
  44  3:49  Probe  
  44  3:53  Probe  
  46  3:56  Assimilator  
  46  4:01  Probe  
  47  4:02  Adept  
  47  4:03  Adept  
  47  4:05  Probe, Pylon  
  52  4:10  Disruptor (Chrono Boost)  
  55  4:19  Gravitic Drive  
  55  4:25  Probe x2  
  55  4:26  Pylon  
  57  4:36  Gateway, Disruptor (Chrono Boost)  
  57  4:37  Gateway  
  60  4:53  Gateway  
  60  4:54  Gateway  
  60  4:57  Gateway  
  60  5:01  Colossus (Chrono Boost)  
  66  5:12  Gateway  
  66  5:13  Pylon  
  66  5:15  Pylon  
  66  5:22  Sentry x2  
  70  5:46  Immortal (Chrono Boost)  
  70  5:48  Sentry x2  
  78  5:52  Pylon x2  
  78  6:08  Adept  
  80  6:13  Pylon x2  
  80  6:14  Immortal (Chrono Boost)  
  80  6:15  Pylon  
  84  6:42  Immortal (Chrono Boost)  
  84  6:44  Sentry x4  
  84  6:45  Stalker x4  
  104  7:01  Pylon  
  104  7:02  Pylon  
  104  7:09  Observer (Chrono Boost)  
  104  7:14  Pylon  
  105  7:25  Immortal (Chrono Boost)  
  105  7:29  Stalker x2  
  113  7:30  Stalker x4  
  113  7:35  Pylon x2  
  121  7:54  Immortal (Chrono Boost)  
  125  8:04  Stalker x6  
  137  8:14  Zealot  
  139  8:31  Stalker x3  
  139  8:32  Stalker x3  
  138  9:02  Stalker x4  
  138  9:03  Stalker  
  132  9:10  Stalker  
  132  9:11  Stalker x7  
  148  9:23  Observer (Chrono Boost)  
  142  9:38  Stalker x5  
  142  9:39  Zealot  
  154  9:57  Warp Prism (Chrono Boost)  
  121  10:12  Stalker x3  
  127  10:21  Zealot x2  
Tags
 
Add a new tag
Caveats
  • Supply blocks, unpowered buildings, or Contaminate may cause inaccurate times.
  • Supply counts are checked every 10 seconds.